 Dungeon Crawl Stone Soup version 0.30-a0-585-g93115170b9 (webtiles) character file.

Game seed: 9872854766762824795

18791 themarg the Martial Artist (level 12, -6/111 HPs)
             Began as a Gnoll Transmuter on Jan 2, 2023.
             Was an Elder of Sif Muna.
             Mangled by a minotaur
             ... wielding the +9 war axe "Milowk" {freeze, Fragile rF+ rC+++ Int-5}
              (32 damage)
             ... in a Gauntlet.
             The game lasted 00:43:58 (15047 turns).

themarg the Martial Artist (Gnoll Transmuter)      Turns: 15047, Time: 00:43:59

Health: -6/111     AC: 11    Str: 14    XL:     12   Next: 62%
Magic:  23/25      EV: 13    Int: 30    God:    Sif Muna [****..]
Gold:   496        SH:  0    Dex: 12    Spells: 9/29 levels left

rFire   x . .      SeeInvis .      - Unarmed
rCold   + + +      Faith    .    (shield currently unavailable)
rNeg    . . .      Spirit   .    (body armour currently unavailable)
rPois   +          Reflect  .    (helmet currently unavailable)
rElec   .          Harm     .    (cloak currently unavailable)
rCorr   +          Rampage  .    (gloves currently unavailable)
Will    .....      NoTele   +    (boots currently unavailable)
Stlth   ++++                     a - amulet of regeneration
HPRegen 1.18/turn                y - ring of Muuhizon {rPois rCorr Str+2 Int+6}
MPRegen 0.19/turn                X - ring "Faigiav" {rCorr Int+8}

@: ice-form, studying Maces & Flails
A: freezing attack, amphibious, boosted hp, large, (fangs 1), strong nose,
distributed training
a: End Transformation, Renounce Religion, Channel Magic, Forget Spell, Divine
Exegesis


You were in a Gauntlet.
You worshipped Sif Muna.
Sif Muna was greatly pleased with you.
You were a creature of crystalline ice.
You visited 3 branches of the dungeon, and saw 14 of its levels.
You also visited: Gauntlet.

You collected 842 gold pieces.
You spent 346 gold pieces at shops.

Inventory:

Hand Weapons
 W - a +3 flail (melded)
Missiles
 f - 2 boomerangs
 j - 118 stones
 s - 2 throwing nets
 x - 21 poisoned darts
 R - 2 javelins
 U - 3 curare-tipped darts
Armour
 r - a +1 pair of gloves (melded)
 E - a +0 helmet (melded)
 K - a +1 cloak (melded)
 Q - a +0 troll leather armour (melded)
 S - a +1 pair of boots (melded)
 V - the +1 pair of gloves of the Abyss {Contam Int+4 Dex+3}
   (You found it in a Gauntlet)

   Int:       It affects your intelligence (+4).
   Dex:       It affects your dexterity (+3).
   Contam:    It causes magical contamination when unequipped.
Jewellery
 a - an amulet of regeneration (around neck)
 i - an amulet of reflection
 y - the ring of Muuhizon (left front paw) {rPois rCorr Str+2 Int+6}
   (You found it on level 4 of the Dungeon)

   [ring of intelligence]

   Str:       It affects your strength (+2).
   Int:       It affects your intelligence (+6).
   rPois:     It protects you from poison.
   rCorr:     It protects you from acid and corrosion.
 T - a ring of ice
 X - the ring "Faigiav" (right front paw) {rCorr Int+8}
   (You found it in a Gauntlet)

   [ring of resist corrosion]

   Int:       It affects your intelligence (+8).
   rCorr:     It protects you from acid and corrosion.
Wands
 v - a wand of charming (6)
 O - a wand of digging (2)
Scrolls
 c - 6 scrolls of magic mapping
 d - 2 scrolls of enchant weapon
 e - a scroll of immolation {unknown}
 h - 3 scrolls of teleportation
 k - a scroll of fear {unknown}
 n - a scroll of summoning {unknown}
 w - 2 scrolls of vulnerability
 D - 3 scrolls of poison
 G - a scroll of noise
 H - a scroll of silence {unknown}
 J - 6 scrolls of blinking
 M - a scroll of torment {unknown}
Potions
 b - 2 potions of lignification
 g - 3 potions of degeneration
 l - 3 potions of mutation
 m - 3 potions of berserk rage
 o - a potion of invisibility
 p - 3 potions of might
 q - 10 potions of curing
 t - a potion of cancellation
 u - 2 potions of heal wounds
 z - a potion of resistance
 A - 2 potions of ambrosia
 B - 3 potions of flight
 F - 2 potions of attraction {unknown}
 I - 3 potions of magic
 L - a potion of brilliance
 P - 2 potions of haste
Miscellaneous
 C - a box of beasts (inert)


   Skills:
 + Level 8.2 Fighting
 + Level 7.7 Short Blades
 + Level 7.7 Long Blades
 + Level 7.7 Axes
 + Level 10.0 Maces & Flails
 + Level 7.7 Polearms
 + Level 7.7 Staves
 + Level 7.7 Ranged Weapons
 + Level 7.7 Throwing
 + Level 7.7 Armour
 + Level 9.1 Dodging
 + Level 7.7 Stealth
 + Level 7.7 Shields
 + Level 10.2 Unarmed Combat
 + Level 9.3 Spellcasting
 + Level 6.4 Conjurations
 + Level 6.4 Hexes
 + Level 6.4 Summonings
 + Level 6.4 Necromancy
 + Level 6.4 Translocations
 + Level 7.5 Transmutations
 + Level 6.4 Fire Magic
 + Level 6.4 Ice Magic
 + Level 6.4 Air Magic
 + Level 6.4 Earth Magic
 + Level 6.4 Poison Magic
 + Level 8.5 Invocations
 + Level 7.7 Evocations


You had 9 spell levels left.
You knew the following spells:

 Your Spells              Type           Power      Damage    Failure   Level
a - Apportation           Tloc           100%       N/A       1%          1
b - Wereblood             Tmut           56%        N/A       1%          2
c - Spider Form           Tmut/Pois      54%        N/A       1%          3
d - Ice Form              Ice/Tmut       54%        N/A       1%          4
e - Irradiate             Conj/Tmut      27%        3d20      6%          5
g - Beastly Appendage     Tmut           100%       N/A       1%          1
S - Sublimation of Blood  Necr           51%        N/A       1%          2
Z - Blink                 Tloc           100%       N/A       1%          2

Your spell library contained the following spells:

 Spells                   Type           Power      Damage    Failure   Level
 Necrotise                Necr           100%       1d9       1%          1
 Summon Small Mammal      Summ           100%       N/A       1%          1
 Momentum Strike          Conj/Tloc      100%       3d10      1%          2
 Poisonous Vapours        Pois/Air       100%       N/A       1%          2
 Static Discharge         Conj/Air       100%       2-7/arc   1%          2
 Gell's Gravitas          Tloc           51%        N/A       1%          3
 Inner Flame              Hex/Fire       51%        N/A       1%          3
 Lesser Beckoning         Tloc           100%       N/A       1%          3
 Swiftness                Air            51%        N/A       1%          3
 Teleport Other           Tloc           51%        N/A       1%          3
 Petrify                  Tmut/Erth      54%        N/A       1%          4
 Airstrike                Air            25%        2d(4-20)  2%          4
 Flame Wave               Conj/Fire      51%        2d13      2%          4
 Sticky Flame             Conj/Fire      51%        2d7       2%          4
 Summon Lightning Spire   Summ/Air       51%        N/A       2%          4
 Lightning Bolt           Conj/Air       25%        1d41      8%          5
 Silence                  Hex/Air        25%        N/A       8%          5
 Dispersal                Tloc           25%        N/A       38%         6


Dungeon Overview and Level Annotations

Branches:
Dungeon (11/15)            Temple (1/1) D:4            Lair (2/5) D:8
    Orc (0/2) D:11        Gauntlet (1/1)
  Swamp: Lair:2-3    Shoals: Lair:2-3     Snake: Lair:2-3    Spider: Lair:2-3

Altars:
Ashenzari
Cheibriados
Dithmenos
Elyvilon
Fedhas
Gozag
Hepliaklqana
Kikubaaqudgha
Makhleb
Nemelex Xobeh
Okawaru
Qazlal
Ru
Sif Muna
Trog
Uskayaw
Vehumet
Wu Jian
Xom
Yredelemnul
Zin
The Shining One

Shops:
D:1 *((   D:5 !*   D:11 [(

Annotations:
Gauntlet 10 transporters, 17 runed translucent doors, exclusion: obsidian statue


Innate Abilities, Weirdness & Mutations

You are a creature of crystalline ice.
You have a powerful freezing melee attack.
You are amphibious.
Your maximum health is increased.
Your armour is entirely melded.
You are incapable of wielding weapons or throwing items.
((You have very sharp teeth.))
Your uncanny sense of smell can sniff out nearby items.
Your experience applies equally to all skills.


Message History

The blast of flame hits the minotaur.
The minotaur completely resists.
You turn into a creature of crystalline ice.
Your +3 flail melds into your body.
Your +1 cloak melds into your body.
Your +0 helmet melds into your body.
Your +1 pair of gloves melds into your body.
Your +1 pair of boots melds into your body.
Your +0 troll leather armour melds into your body.
The minotaur throws a silver javelin.
The silver javelin pierces through your juvenile stingfire beast.
The silver javelin pierces through you!!
The silver sears you!
Your juvenile stingfire beast hits the minotaur!
Your juvenile stingfire beast stings the minotaur!
The minotaur looks as sick as possible!
Your juvenile stingfire beast poisons the minotaur!
Your juvenile stingfire beast barely misses the minotaur.
Your juvenile stingfire beast stings the minotaur but does no damage.
Something hits your juvenile stingfire beast!!
Something freezes your juvenile stingfire beast!
Your juvenile stingfire beast dies!
Your juvenile stingfire beast's corpse disappears in a puff of smoke!
The minotaur misses you. The minotaur closely misses you.
You punch the minotaur!
The minotaur is heavily wounded.
The minotaur hits you with the +9 war axe "Milowk" {freeze, Fragile rF+ rC+++ Int-5}!!!
* * * LOW HITPOINT WARNING * * *
The minotaur freezes you.
* * * LOW HITPOINT WARNING * * *
The minotaur gores you!
* * * LOW HITPOINT WARNING * * *
There's nothing to close nearby.
Aiming: Fastroot
Press: ? - help, Shift-Dir - straight line, f - minotaur
Aim: a minotaur, wielding the +9 war axe "Milowk" {freeze, Fragile rF+ rC+++ Int-5}, wearing a +0 plate armour, wearing a ring of protection from fire and quivering silver javelins (heavily wounded, extremely poisoned)
The roots erupt in riotous growth!
Roots grab the minotaur.
The now-empty wand crumbles to dust.
The grasping roots constrict the minotaur.
The minotaur hits you with the +9 war axe "Milowk" {freeze, Fragile rF+ rC+++ Int-5}!!
You die...

#[.)# #8.8# ####:.:####
###8.#8.8#.8###
#....#.H.#....#
#.#..#8.8#..#.#
#.#..##'##..#.#
#.......HY....#
#.#.##.#.##.#.#
#.#....#....#.#
#.#.#######.#.###
...............≈# ##
8.8.8.8.8.8.8.8.8# ### 8#
≈...............≈# #8#
#########.#########.##########
≈.......#.#..§∩≈..#.#.......≈#


You could see a minotaur (extremely poisoned, rooted).

Vanquished Creatures
  Fannar (D:10)
  A catoblepas (Lair:1)
  2 two-headed ogres
  A death scarab (Gauntlet)
  A thrashing horror (Gauntlet)
  Sonja (D:10)
  Pikel (D:4)
  4 cane toads (Lair:1)
  Joseph (D:7)
  2 gargoyles
  Maggie (D:10)
  A kobold demonologist (D:10)
  4 komodo dragons
  4 trolls
  2 hornets
  3 shadows (Gauntlet)
  3 small abominations (Gauntlet)
  18 yaks
  4 wraiths
  A spectral fire crab (Gauntlet)
  A basilisk (Lair:1)
  5 water moccasins
  Duvessa (D:7)
  A sky beast (D:7)
  2 black bears
  4 orc warriors
  3 ogres
  3 wolves (Lair:1)
  4 centaurs
  A lemure (D:4)
  2 phantoms
  2 kobold brigands
  6 bullfrogs
  2 necrophages
  3 gnoll sergeants
  5 scorpions
  11 wights
  Dowan (D:7)
  8 killer bees (D:9)
  5 hounds
  6 orc priests
  A jelly (D:5)
  9 orc wizards
  Terence (D:2)
  6 iguanas
  12 gnolls
  7 adders
  2 shadow imps
  3 ufetubi
  A dart slug (D:5)
  33 orcs
  9 ball pythons
  4 endoplasms
  5 giant cockroaches
  9 goblins
  9 hobgoblins
  3 quokkas
  2 bats (D:2)
  6 frilled lizards
  22 kobolds
  8 rats
284 creatures vanquished.

Vanquished Creatures (others)
  A minotaur (D:1)
  3 octopodes (D:1)
  A gargoyle (D:1)
  An elf (D:1)
  2 formicids (D:1)
  A spriggan (D:1)
  A demigod (D:1)
  A dwarf (D:1)
  An orc (D:1)
  4 fungi (Lair:1)
  5 plants (Lair:1)
  8 tentacles (D:1)
29 creatures vanquished.

Grand Total: 313 creatures vanquished

Notes
Turn   | Place    | Note
-------+----------+-------------------------------------------
     0 | D:1      | themarg the Gnoll Transmuter began the quest for the Orb.
     0 | D:1      | Reached XP level 1. HP: 17/17 MP: 6/6
     0 | D:1      | Noticed an elf
     0 | D:1      | Noticed an octopode
     0 | D:1      | Noticed a formicid
     0 | D:1      | Noticed a gargoyle
     0 | D:1      | Noticed a kraken
     0 | D:1      | Noticed a demigod
     0 | D:1      | Noticed an octopode
     0 | D:1      | Noticed a minotaur
     0 | D:1      | Noticed a spriggan
     0 | D:1      | Noticed a formicid
     0 | D:1      | Noticed a dwarf
     0 | D:1      | Noticed an octopode
     4 | D:1      | Found Loshuos's Antique Weapon Shop.
     4 | D:1      | Killed an octopode
     5 | D:1      | Killed a formicid
     6 | D:1      | Killed an octopode
     8 | D:1      | Killed a gargoyle
    10 | D:1      | Killed an elf
    15 | D:1      | Killed a minotaur
    17 | D:1      | Killed a formicid
    19 | D:1      | Killed a spriggan
    21 | D:1      | Killed a dwarf
    23 | D:1      | Killed a demigod
    26 | D:1      | Killed an octopode
   124 | D:1      | Found Elole's General Store.
   178 | D:1      | Reached XP level 2. HP: 21/23 MP: 7/7
   184 | D:1      | Learned a level 2 spell: Wereblood
   280 | D:1      | Found Imintih's Antique Weapon Shop.
   849 | D:2      | Reached skill level 5 in Spellcasting
   849 | D:2      | Reached XP level 3. HP: 28/28 MP: 6/9
   878 | D:2      | Learned a level 3 spell: Spider Form
   916 | D:2      | Noticed Terence
  1044 | D:2      | Killed Terence
  1045 | D:2      | Reached skill level 1 in Short Blades
  1045 | D:2      | Reached skill level 1 in Long Blades
  1045 | D:2      | Reached skill level 1 in Axes
  1045 | D:2      | Reached skill level 1 in Maces & Flails
  1045 | D:2      | Reached skill level 1 in Polearms
  1045 | D:2      | Reached skill level 1 in Staves
  1045 | D:2      | Reached skill level 1 in Ranged Weapons
  1045 | D:2      | Reached skill level 1 in Throwing
  1045 | D:2      | Reached skill level 1 in Armour
  1045 | D:2      | Reached skill level 1 in Stealth
  1045 | D:2      | Reached skill level 1 in Shields
  1045 | D:2      | Reached skill level 1 in Invocations
  1045 | D:2      | Reached skill level 1 in Evocations
  1158 | D:2      | Reached XP level 4. HP: 34/34 MP: 9/11
  1329 | D:2      | Reached skill level 1 in Conjurations
  1329 | D:2      | Reached skill level 1 in Hexes
  1329 | D:2      | Reached skill level 1 in Summonings
  1329 | D:2      | Reached skill level 1 in Necromancy
  1329 | D:2      | Reached skill level 1 in Translocations
  1329 | D:2      | Reached skill level 1 in Fire Magic
  1329 | D:2      | Reached skill level 1 in Ice Magic
  1329 | D:2      | Reached skill level 1 in Air Magic
  1329 | D:2      | Reached skill level 1 in Earth Magic
  1329 | D:2      | Reached skill level 1 in Poison Magic
  1409 | D:2      | You fall into a shaft and drop 2 floors!
  1482 | D:4      | Noticed a necrophage
  2455 | D:2      | Reached XP level 5. HP: 40/40 MP: 8/12
  2686 | D:3      | Got the Collected Works on Gaseous Glamour
  3177 | D:3      | Reached XP level 6. HP: 29/47 MP: 7/14
  3554 | D:4      | Noticed Pikel
  3574 | D:4      | Killed Pikel
  3575 | D:4      | Reached skill level 5 in Dodging
  3575 | D:4      | Reached XP level 7. HP: 18/53 MP: 9/15
  4059 | D:4      | Found a staircase to the Ecumenical Temple.
  4069 | Temple   | Entered the Ecumenical Temple
  4105 | Temple   | Became a worshipper of Sif Muna the Loreminder
  4236 | D:4      | Reached XP level 8. HP: 54/60 MP: 10/16
  4279 | D:4      | Identified the ring of Muuhizon {rPois rCorr Str+2 Int+6}
  4713 | D:5      | Entered Level 5 of the Dungeon
  5006 | D:5      | Found Jifyhah's Neck Hole.
  5052 | D:5      | Reached * piety under Sif Muna
  5310 | D:5      | Found Ryempot's Distillery.
  5501 | D:6      | Reached skill level 5 in Transmutations
  5674 | D:6      | Reached XP level 9. HP: 62/66 MP: 15/18
  5997 | D:6      | Found a large runed translucent door.
  5998 | D:6      | Found a large runed translucent door.
  6008 | D:6      | Found a shadowy altar of Dithmenos.
  6023 | D:6      | Found an ornate altar of the Wu Jian Council.
  6178 | D:6      | Reached skill level 5 in Fighting
  6220 | D:6      | Learned a level 4 spell: Ice Form
  6430 | D:6      | Reached skill level 5 in Invocations
  6736 | D:1      | Bought a scroll of blinking for 82 gold pieces
  6736 | D:1      | Bought a potion of curing for 33 gold pieces
  6736 | D:1      | Bought a potion of lignification for 33 gold pieces
  6869 | D:5      | Bought a +0 cloak for 54 gold pieces
  6939 | D:5      | Bought a potion of magic for 96 gold pieces
  6939 | D:5      | Bought a potion of brilliance for 48 gold pieces
  7241 | D:7      | Noticed Joseph
  7242 | D:7      | Reached ** piety under Sif Muna
  7263 | D:7      | Killed Joseph
  7264 | D:7      | Reached skill level 5 in Maces & Flails
  7478 | D:7      | Noticed Dowan
  7587 | D:7      | Noticed Duvessa
  7848 | D:7      | Noticed a hornet
  7851 | D:7      | Killed a hornet
  7852 | D:7      | Reached skill level 5 in Short Blades
  7852 | D:7      | Reached skill level 5 in Long Blades
  7852 | D:7      | Reached skill level 5 in Axes
  7852 | D:7      | Reached skill level 5 in Polearms
  7852 | D:7      | Reached skill level 5 in Staves
  7852 | D:7      | Reached skill level 5 in Ranged Weapons
  7852 | D:7      | Reached skill level 5 in Throwing
  7852 | D:7      | Reached skill level 5 in Armour
  7852 | D:7      | Reached skill level 5 in Stealth
  7852 | D:7      | Reached skill level 5 in Shields
  7852 | D:7      | Reached skill level 5 in Evocations
  7852 | D:7      | Reached XP level 10. HP: 76/76 MP: 15/20
  8706 | D:8      | Found a blossoming altar of Fedhas.
  9229 | D:8      | Found a staircase to the Lair.
  9392 | D:9      | Found a radiant altar of Vehumet.
  9786 | D:9      | Reached *** piety under Sif Muna
 10097 | D:9      | Found a broken altar of Ashenzari.
 10098 | D:9      | Found a stormy altar of Qazlal.
 10708 | D:10     | Entered Level 10 of the Dungeon
 10751 | D:10     | Noticed Fannar
 10765 | D:10     | Killed Fannar
 10874 | D:10     | Found an iron altar of Okawaru.
 10903 | D:10     | Reached skill level 5 in Conjurations
 10903 | D:10     | Reached skill level 5 in Hexes
 10903 | D:10     | Reached skill level 5 in Summonings
 10903 | D:10     | Reached skill level 5 in Necromancy
 10903 | D:10     | Reached skill level 5 in Translocations
 10903 | D:10     | Reached skill level 5 in Fire Magic
 10903 | D:10     | Reached skill level 5 in Ice Magic
 10903 | D:10     | Reached skill level 5 in Air Magic
 10903 | D:10     | Reached skill level 5 in Earth Magic
 10903 | D:10     | Reached skill level 5 in Poison Magic
 10903 | D:10     | Reached XP level 11. HP: 83/83 MP: 16/22
 11046 | D:10     | Noticed Maggie
 11058 | D:10     | Killed Maggie
 11133 | D:10     | Noticed Sonja
 11158 | D:10     | Killed Sonja
 11419 | D:10     | Noticed a two-headed ogre
 11426 | D:10     | Killed a two-headed ogre
 12137 | D:11     | Found a staircase to the Orcish Mines.
 12143 | D:11     | Found Gueqele's Weapon Shop.
 12151 | D:11     | Found Unneahu's Armour Shop.
 12258 | D:11     | Noticed a two-headed ogre
 12263 | D:11     | Killed a two-headed ogre
 12263 | D:11     | Reached **** piety under Sif Muna
 12767 | D:7      | Killed Duvessa
 12774 | D:7      | Killed Dowan
 13030 | Lair:1   | Entered Level 1 of the Lair of Beasts
 13216 | Lair:1   | Reached XP level 12. HP: 91/91 MP: 20/24
 13457 | Lair:1   | Noticed a catoblepas
 13485 | Lair:1   | Killed a catoblepas
 13656 | Lair:1   | Reached skill level 10 in Unarmed Combat
 14226 | Lair:1   | Learned a level 5 spell: Irradiate
 14229 | Lair:1   | Learned a level 2 spell: Blink
 14231 | Lair:1   | Learned a level 1 spell: Apportation
 14267 | Lair:2   | Found a gate leading to a gauntlet.
 14291 | Gauntlet | Entered a Gauntlet
 14291 | Gauntlet | Found a transporter.
 14291 | Gauntlet | Found a transporter.
 14299 | Gauntlet | Found a transporter.
 14299 | Gauntlet | Found a transporter.
 14303 | Gauntlet | Noticed a blizzard demon
 14305 | Gauntlet | Noticed a death scarab
 14313 | Gauntlet | Found a transporter.
 14329 | Gauntlet | Found a large runed translucent door.
 14330 | Gauntlet | Found a large runed translucent door.
 14331 | Gauntlet | Found a large runed translucent door.
 14331 | Gauntlet | Found a large runed translucent door.
 14332 | Gauntlet | Found a large runed translucent door.
 14332 | Gauntlet | Found a large runed translucent door.
 14332 | Gauntlet | Found a runed translucent gate.
 14332 | Gauntlet | Found a runed translucent door.
 14333 | Gauntlet | Found a transporter.
 14333 | Gauntlet | Found a runed translucent gate.
 14333 | Gauntlet | Found a transporter.
 14333 | Gauntlet | Noticed a thrashing horror
 14334 | Gauntlet | Found a runed translucent gate.
 14335 | Gauntlet | Found a large runed translucent door.
 14335 | Gauntlet | Found a large runed translucent door.
 14336 | Gauntlet | Found a large runed translucent door.
 14337 | Gauntlet | Found a large runed translucent door.
 14346 | Gauntlet | Found a large runed translucent door.
 14346 | Gauntlet | Found a large runed translucent door.
 14346 | Gauntlet | Found a runed translucent door.
 14355 | Gauntlet | Found a transporter.
 14362 | Gauntlet | Found a transporter.
 14371 | Gauntlet | Found a transporter.
 14371 | Gauntlet | Found a large runed translucent door.
 14372 | Gauntlet | Found a large runed translucent door.
 14374 | Gauntlet | Found a transporter.
 14392 | Gauntlet | Found a transporter.
 14437 | Gauntlet | Found a transporter.
 14451 | Gauntlet | Found a transporter.
 14556 | Gauntlet | Found a transporter.
 14570 | Gauntlet | Found a transporter.
 14587 | Gauntlet | Found a large runed translucent door.
 14587 | Gauntlet | Found a large runed translucent door.
 14661 | Gauntlet | Killed a death scarab
 14755 | Gauntlet | Identified the +1 pair of gloves of the Abyss {Contam Int+4
                  | Dex+3}
 14802 | Gauntlet | Killed a thrashing horror
 14803 | Gauntlet | Reached skill level 10 in Maces & Flails
 14815 | Gauntlet | Identified the ring "Faigiav" {rCorr Int+8}
 15007 | Gauntlet | Learned a level 2 spell: Sublimation of Blood
 15035 | Gauntlet | Identified the +9 war axe "Milowk" {freeze, Fragile rF+
                  | rC+++ Int-5}
 15035 | Gauntlet | Noticed a minotaur
 15047 | Gauntlet | Mangled by a minotaur

Illustrated notes

Levels and vault maps discovered:
D:1:      nicolae_arrival_kraken_aquarium_a, layout_loops_ring, serial_shops,
          nicolae_shop_trees, nicolae_shop_behind_doors, shop_coins
D:2:      layout_basic, uniq_terence
D:3:      layout_basic, eino_tiny_chamber
D:4:      minmay_octagon_keep, layout_basic, temple_hall,
          kennysheep_cross_bottleneck, kennysheep_decorative_pillar, uniq_pikel
D:5:      layout_loops_cross, serial_shops, nicolae_take_the_stairs,
          minmay_holes, nicolae_shop_sticking_my_neck_out
D:6:      layout_loops_ring, jmf_multi_god_temple2,
          hangedman_abyss_or_decor_stabs, minmay_manual_macuahuitl
D:7:      wander_river, layout_basic, uniq_joseph, uniq_duvessa
D:8:      layout_layer_cave, nicolae_overflow_crystal_walls, lair_entry_dummy,
          chequers_avenue
D:9:      layout_roguey, mainiacjoe_overflow_divided_tiny,
          mainiacjoe_overflow_cross_hatched, nicolae_zen_rock_garden
D:10:     layout_roguey, okawaru_metal_pillars_1_2, uniq_fannar, uniq_sonja,
          uniq_maggie
D:11:     layout_roguey, orc_david_3, chequers_serial_rivers_micro_c
Temple:   hellmonk_temple_of_storms
Lair:1:   layout_cave_pods, grunt_megastairs_1
Lair:2:   layout_gridlike, gauntlet_entry_generic
Gauntlet: gammafunk_gauntlet_branching [gammafunk_gauntlet_arena_chambers,
          gammafunk_gauntlet_arena_open, nicolae_gauntlet_arena_flowing_pool,
          gammafunk_gauntlet_arena_spirals, gammafunk_gauntlet_arena_grid,
          gammafunk_gauntlet_arena_split_diamond,
          minmay_gauntlet_arena_make_your_own_arena,
          nicolae_gauntlet_arena_blocks, nicolae_gauntlet_exit_dead_adventurers]

Skill      XL: |  1  2  3  4  5  6  7  8  9 10 11 12 |
---------------+-------------------------------------+-----
Spellcasting   | 5 6 7 8 9 |  9.3
Short Blades   | 1 2 3 5 6 7 |  7.7
Long Blades    | 1 2 3 5 6 7 |  7.7
Axes           | 1 2 3 5 6 7 |  7.7
Maces & Flails | 1 2 3 5 7 9 10 | 10.0
Polearms       | 1 2 3 5 6 7 |  7.7
Staves         | 1 2 3 5 6 7 |  7.7
Ranged Weapons | 1 2 3 5 6 7 |  7.7
Throwing       | 1 2 3 5 6 7 |  7.7
Armour         | 1 2 3 5 6 7 |  7.7
Stealth        | 1 2 3 5 6 7 |  7.7
Shields        | 1 2 3 5 6 7 |  7.7
Invocations    | 1 2 3 4 5 6 7 8 |  8.5
Evocations     | 1 2 3 5 6 7 |  7.7
Conjurations   | 1 2 3 4 5 6 |  6.4
Hexes          | 1 2 3 4 5 6 |  6.4
Summonings     | 1 2 3 4 5 6 |  6.4
Necromancy     | 1 2 3 4 5 6 |  6.4
Translocations | 1 2 3 4 5 6 |  6.4
Fire Magic     | 1 2 3 4 5 6 |  6.4
Ice Magic      | 1 2 3 4 5 6 |  6.4
Air Magic      | 1 2 3 4 5 6 |  6.4
Earth Magic    | 1 2 3 4 5 6 |  6.4
Poison Magic   | 1 2 3 4 5 6 |  6.4
Fighting       | 3 4 5 6 7 8 |  8.2
Transmutations | 4 5 6 7 |  7.5
Dodging        | 5 6 7 8 9 |  9.1
Unarmed Combat | 7 8 9 10 | 10.2

Action                   |  1- 3 |  4- 6 |  7- 9 | 10-12 || total
-------------------------+-------+-------+-------+-------++-------
Melee: Unarmed           |    23 |    96 |   233 |   419 ||   771
       Headbutt          |    11 |     2 |       |       ||    13
       Kick              |    10 |     2 |       |       ||    12
       Dagger            |    79 |    24 |     4 |     1 ||   108
       Bite              |     5 |     4 |       |       ||     9
       Punch             |       |       |       |     1 ||     1
 Cast: Beastly Appendage |    18 |     3 |       |       ||    21
       Spider Form       |     1 |    29 |    26 |     4 ||    60
       Wereblood         |       |     2 |     6 |    13 ||    21
       Ice Form          |       |       |     9 |    40 ||    49
       Irradiate         |       |       |       |     4 ||     4
Evoke: Wand              |       |       |       |     7 ||     7
       Box of beasts     |       |       |       |     1 ||     1
  Use: Scroll            |       |       |    10 |    10 ||    20
       Potion            |       |       |       |     2 ||     2
 Stab: Sleeping          |       |     4 |     8 |     4 ||    16
       Distracted        |       |       |       |     1 ||     1
       Petrified         |       |       |       |     3 ||     3
Armor: Robe              |     5 |     4 |       |       ||     9
       Skin              |       |     4 |    28 |    70 ||   102
       Troll leather arm |       |       |       |     6 ||     6
Dodge: Dodged            |    51 |    76 |   119 |   190 ||   436
Block: Other             |    26 |    18 |    51 |    43 ||   138
       Reflection        |     2 |       |     1 |     1 ||     4

Table legend: (Time is in decaauts)
 A = Elapsed time spent in this place.
 B = Non-inter-level travel time spent in this place.
 C = Inter-level travel time spent in this place.
 D = Time resting spent in this place.
 E = Time spent auto-exploring this place.
 F = Levels seen in this place.
 G = Mean time per level.
                   A        B        C        D        E       F      G
               +--------+--------+--------+--------+--------+-----+--------+
         Total |  14975 |  14063 |    912 |    954 |  10325 |  15 |  998.3 |
       Dungeon |  12935 |  12066 |    869 |    694 |   9160 |  11 | 1175.9 |
        Temple |     45 |     37 |      8 |      0 |      0 |   1 |   45.0 |
          Lair |   1242 |   1207 |     35 |     35 |    897 |   2 |  621.0 |
      Gauntlet |    751 |    751 |      0 |    225 |    268 |   1 |  751.0 |
               +--------+--------+--------+--------+--------+-----+--------+

Top non-repeatable levels by time:
     D:9: 1440 daAuts
     D:8: 1440 daAuts
     D:2: 1346 daAuts
     D:3: 1333 daAuts
     D:4: 1246 daAuts
     D:7: 1241 daAuts
  Lair:1: 1220 daAuts
     D:6: 1160 daAuts
    D:10: 1107 daAuts
     D:1: 962 daAuts
    D:11: 829 daAuts
     D:5: 827 daAuts
Gauntlet: 751 daAuts
  Temple: 45 daAuts
  Lair:2: 22 daAuts
